 Dungeon Crawl Stone Soup version 0.30-a0-368-g86fb4627a9 (webtiles) character file.

Game seed: 18379252419832622417

65 qeuew the Shooter (level 4, -1/27 HPs)
             Began as a Tengu Hunter on Nov 20, 2022.
             Slain by a gnoll
             ... wielding a +2 flail of protection
              (9 damage)
             ... on level 3 of the Dungeon.
             The game lasted 00:02:18 (1442 turns).

qeuew the Shooter (Tengu Hunter)                    Turns: 1442, Time: 00:02:18

Health: -1/27      AC:  3    Str: 12    XL:     4   Next: 13%
Magic:  5/5        EV: 13    Int:  9    God:
Gold:   51         SH:  0    Dex: 19    Spells: 3/3 levels left

rFire   . . .      SeeInvis .    j - +0 falchion
rCold   . . .      Faith    .    (no shield)
rNeg    . . .      Spirit   .    c - +0 leather armour
rPois   .          Reflect  .    (helmet restricted)
rElec   .          Harm     .    (no cloak)
rCorr   +          Rampage  .    (no gloves)
Will    .....                    (boots unavailable)
Stlth   ++........               (no amulet)
HPRegen 0.24/turn                h - ring of resist corrosion
MPRegen 0.09/turn                (no ring)

@: no status effects
A: beak, talons 3
a: no special abilities


You were on level 3 of the Dungeon.
You visited 1 branch of the dungeon, and saw 3 of its levels.

You collected 51 gold pieces.

Inventory:

Hand Weapons
 a - a +1 shortbow
 j - a +0 falchion (weapon)
Armour
 c - a +0 leather armour (worn)
Jewellery
 h - a ring of resist corrosion (left hand)
Scrolls
 b - a scroll of identify
 d - a scroll of enchant armour


   Skills:
 + Level 2.7 Fighting
 + Level 1.0 Long Blades
 + Level 4.8 Ranged Weapons
 + Level 1.5 Armour
 + Level 2.9 Dodging
 - Level 1.0 Stealth


You had 3 spell levels left.
You didn't know any spells.
Your spell library was empty.

Dungeon Overview and Level Annotations

Branches:
Dungeon (3/15)

Altars:


Innate Abilities, Weirdness & Mutations

You have a beak for a mouth.
You have claws for feet.


Message History

You are too injured to fight recklessly!
You are too injured to fight recklessly!
You are too injured to fight recklessly!
You are too injured to fight recklessly!
You are too injured to fight recklessly!
You are too injured to fight recklessly!
You are too injured to fight recklessly!
There is a stone staircase leading up here.
The gnoll misses you.
You climb upwards.
There is a stone staircase leading down here.
j - a +0 falchion (weapon)
The gnoll hits you with a +0 club.
* * * LOW HITPOINT WARNING * * *
Unknown command.
You slash the gnoll!
You kill the gnoll!
Your Long Blades skill increases to level 1!
You have reached level 4!
You feel stronger.
You start resting.
HP restored.
You climb downwards.
The gnoll hits you from afar with a +0 spear.
The gnoll misses you. The gnoll completely misses you.
There is a stone staircase leading up here.
The gnoll hits you with a +0 spear! The gnoll closely misses you.
You slash the gnoll!
The gnoll is severely wounded.
The gnoll closely misses you.
The gnoll hits you with a +2 flail of protection.
You hit the gnoll. Your kick misses the gnoll.
The gnoll is almost dead.
The gnoll hits you with a +0 spear.
The gnoll hits you with a +2 flail of protection!
* * * LOW HITPOINT WARNING * * *
Unknown command.
You feel better. The gnoll completely misses you.
The gnoll hits you with a +2 flail of protection!
You die...

##########
#.<@g....# ..
#.g......# .# #
#.#####..# .#.#
#.# #..# .#.###.
#.# #..# .......
#.# #..# .g...#.
#.#####..##)......
#.......#.(....^#
#......†.####.###


You could see 2 gnolls.

Vanquished Creatures
  2 gnolls
  2 worms (D:2)
  3 ball pythons
  7 bats
  4 endoplasms
  3 hobgoblins
  4 jackals (D:1)
  2 quokkas
  A frilled lizard (D:1)
  4 goblins
  3 kobolds (D:1)
  2 rats (D:2)
37 creatures vanquished.

Notes
Turn   | Place    | Note
-------+----------+-------------------------------------------
     0 | D:1      | qeuew the Tengu Hunter began the quest for the Orb.
     0 | D:1      | Reached XP level 1. HP: 12/12 MP: 2/2
   169 | D:1      | Reached XP level 2. HP: 17/17 MP: 3/3
   236 | D:1      | Reached skill level 1 in Armour
   636 | D:2      | Reached XP level 3. HP: 15/21 MP: 4/4
  1235 | D:3      | Found a faded altar of an unknown god.
  1352 | D:2      | Reached skill level 1 in Long Blades
  1352 | D:2      | Reached XP level 4. HP: 6/27 MP: 5/5
  1441 | D:3      | HP: 1/27 [gnoll/+2 flail of protection (10)]
  1442 | D:3      | Slain by a gnoll

Illustrated notes

Levels and vault maps discovered:
D:1:      spicycebolla_arrival_xxxplode, layout_loops_cross
D:2:      layout_loops_cross, grunt_ministairs_3
D:3:      layout_loops_corners, nicolae_ecumenical_oubliette, serial_shops,
          shop_statue, nicolae_diamond_shop, nicolae_diamond_shop,
          nicolae_diamond_shop, uniq_jessica

Skill      XL: |  1  2  3 |
---------------+----------+-----
Armour         | 1 |  1.5
Long Blades    | 1 |  1.0
Fighting       | |  2.7
Ranged Weapons | |  4.8
Dodging        | |  2.9
Stealth        | |  1.0

Action                   |  1- 3 |  4- 6 || total
-------------------------+-------+-------++-------
Melee: Falchion          |     1 |     2 ||     3
 Fire: Shortbow          |   111 |       ||   111
  Use: Scroll            |     4 |       ||     4
       Potion            |     2 |     1 ||     3
Armor: Leather armour    |    12 |       ||    12
Dodge: Dodged            |    41 |     5 ||    46

Table legend: (Time is in decaauts)
 A = Elapsed time spent in this place.
 B = Non-inter-level travel time spent in this place.
 C = Inter-level travel time spent in this place.
 D = Time resting spent in this place.
 E = Time spent auto-exploring this place.
 F = Levels seen in this place.
 G = Mean time per level.
                   A        B        C        D        E       F      G
               +--------+--------+--------+--------+--------+-----+--------+
         Total |   1476 |   1356 |    120 |     85 |   1028 |   3 |  492.0 |
       Dungeon |   1476 |   1356 |    120 |     85 |   1028 |   3 |  492.0 |
               +--------+--------+--------+--------+--------+-----+--------+

Top non-repeatable levels by time:
     D:2: 777 daAuts
     D:1: 645 daAuts
     D:3: 54 daAuts
